 Dungeon Crawl Stone Soup version 0.25-a0-603-g0321be95db (webtiles) character file.

Game seed: 10828832055785463040, levelgen mode: deterministic

32 An17 the Skirmisher (level 3, -4/33 HPs)
             Began as a Demonspawn Wanderer on Mar 16, 2020.
             Killed from afar by Natasha (7 damage)
             ... with a magic dart
             ... on level 2 of the Dungeon.
             The game lasted 00:02:31 (696 turns).

An17 the Skirmisher (Demonspawn Wanderer)            Turns: 696, Time: 00:02:32

Health: -4/33      AC:  5    Str: 13    XL:     3   Next: 8%
Magic:  3/3        EV: 12    Int: 14    God:
Gold:   36         SH:  0    Dex: 11    Spells: 2/2 levels left

rFire    . . .     SeeInvis .   a - +2 mace
rCold    . . .     Gourm    .   (no shield)
rNeg     . . .     Faith    .   b - +0 ring mail
rPois    .         Spirit   .   (no helmet)
rElec    .         Reflect  .   (no cloak)
rCorr    .         Harm     .   (no gloves)
MR       .....                  (no boots)
Stlth    ++........             (no amulet)
HPRegen  0.11/turn              (no ring)
MPRegen  0.08/turn              (no ring)

@: no status effects
A: repulsion field 1, nightstalker 1
a: no special abilities


You were on level 2 of the Dungeon.
You were not hungry.

You visited 1 branch of the dungeon, and saw 2 of its levels.

You collected 36 gold pieces.

Inventory:

Hand Weapons
 a - a +2 mace (weapon)
Missiles
 e - 2 throwing nets (quivered)
Armour
 b - a +0 ring mail (worn)
Scrolls
 g - a scroll of teleportation
Potions
 c - a potion of curing
 f - a potion of heal wounds {unknown}
 h - a potion of cancellation
Comestibles
 d - 3 rations


   Skills:
 + Level 5.5 Fighting
 + Level 2.2 Maces & Flails
 + Level 1.8 Throwing
 + Level 0.5 Armour
 + Level 1.0 Dodging


You had 2 spell levels left.
You didn't know any spells.
Your spell library was empty.

Dungeon Overview and Level Annotations

Branches:
Dungeon (2/15)

Altars:

Annotations:
D:2 Natasha


Innate Abilities, Weirdness & Mutations

You are surrounded by a mild repulsion field. (EV +2)
You are slightly more attuned to the shadows.


Message History

Natasha is heavily wounded.
Natasha closely misses you. x2
You closely miss Natasha.
Natasha is heavily wounded.
Natasha claws you.
You closely miss Natasha.
Natasha is heavily wounded.
Natasha claws you.
* * * LOW HITPOINT WARNING * * *
You hit Natasha.
Natasha is severely wounded.
Natasha casts a spell at you. The magic dart hits you.
* * * LOW HITPOINT WARNING * * *
Natasha closely misses you.
You closely miss Natasha.
Natasha is heavily wounded.
Natasha stares at you and mumbles some strange words.
The magic dart hits you!
You die...

... #.#
#....#########..#
#...<.....#.# .
#########†.[###..
##..........#
#............
#####..###...
#####..## ##
#..h@.##
....##### ##


You could see Natasha.

Vanquished Creatures
  An adder (D:2)
  A leopard gecko (D:1)
  A ball python (D:1)
  3 bats (D:1)
  4 goblins (D:1)
  4 hobgoblins (D:1)
  4 frilled lizards (D:1)
  3 kobolds (D:1)
21 creatures vanquished.

Notes
Turn   | Place    | Note
-------+----------+-------------------------------------------
     0 | D:1      | An17 the Demonspawn Wanderer began the quest for the Orb.
     0 | D:1      | An17 set off with the following items: a +2 mace, a +0 ring
                  | mail, a potion of curing, a ration
     0 | D:1      | Reached XP level 1. HP: 21/21 MP: 1/1
    90 | D:1      | Gained mutation: You are surrounded by a mild repulsion
                  | field. (EV +2) [demonic ancestry]
    90 | D:1      | Reached XP level 2. HP: 26/27 MP: 2/2
   680 | D:2      | Gained mutation: You are slightly more attuned to the
                  | shadows. [demonic ancestry]
   680 | D:2      | Reached XP level 3. HP: 33/33 MP: 3/3
   684 | D:2      | Noticed Natasha
   696 | D:2      | Killed from afar by Natasha

Levels and vault maps discovered:
D:1:      minmay_arrival_diagonal_passages, layout_loops_ring
D:2:      layout_rooms, uniq_natasha

Skill      XL: |  1  2 |
---------------+-------+-----
Maces & Flails | 2 |  2.2
Fighting       | |  5.5
Throwing       | |  1.8
Armour         | |  0.5
Dodging        | |  1.0

Action                   || total
-------------------------++-------
Melee: Mace              ||    76
  Use: Scroll            ||     5
Armor: Ring mail         ||    28
Dodge: Dodged            ||    52

Table legend:
 A = Non-vault XP
 B = Vault XP
 C = Vault XP percentage of total XP
 D = Non-vault monster count
 E = Vault monster count
 F = Vault count percentage of total count
                 A         B        C        D         E       F
            +---------+---------+-------+---------+---------+-------
      Total |      46 |       0 |   0.0 |      21 |       0 |   0.0
            +---------+---------+-------+---------+---------+-------
        D:1 |      33 |       0 |   0.0 |      20 |       0 |   0.0
        D:2 |      13 |       0 |   0.0 |       1 |       0 |   0.0
            +---------+---------+-------+---------+---------+-------
